 Dungeon Crawl Stone Soup version 0.31.0-32-g396128a36d (webtiles) character file.

Game seed: 9574023125792692231

2149 KittyFluff the Changeling (level 9, 0/84 HPs)
             Began as a Troll Shapeshifter on Apr 10, 2024.
             Slain by a troll (8 damage)
             ... on level 5 of the Dungeon.
             The game lasted 00:21:37 (4135 turns).

KittyFluff the Changeling (Troll Shapeshifter)      Turns: 4135, Time: 00:21:37

Health: 0/84       AC:  8    Str: 28    XL:     9   Next: 10%
Magic:  8/8        EV:  9    Int:  6    God:
Gold:   393        SH:  7    Dex:  9    Spells: 6/8 levels left

rFire   . .          .
                       - Unarmed
rCold   . . .        C - +0 kite shield
rNeg    . . .        g - +0 robe
rPois   .            (helmet currently unavailable)
rElec   .            (cloak currently unavailable)
rCorr   .            (gloves unavailable)
SInv    .            (boots unavailable)
Will    .....        (no amulet)
Stlth   +            i - ring of flight
HPRegen 1.14/turn    p - +4 ring of protection
MPRegen 0.11/turn

%: no passive effects
@: beast-form, on berserk cooldown, flying, slowed, very slow
A: beast (slay +3), large, unfitting armour, claws 3, regeneration 1, shaggy fur
1, tough skin 1
a: Begin Untransformation


You were on level 5 of the Dungeon.
You were a hulking beast.
You visited 1 branch of the dungeon, and saw 5 of its levels.
You also visited: Sewer.

You collected 393 gold pieces.

Inventory:

Hand Weapons
 e - a +1 whip of electrocution
 D - a +4 spear
 I - a +0 sling
 L - a +0 mace
Missiles
 b - 20 poisoned darts
 h - 70 stones (quivered)
 G - 4 curare-tipped darts
Armour
 g - a +0 robe (worn)
 q - a +0 cloak
 C - a +0 kite shield (worn)
Jewellery
 i - a ring of flight (left claw)
 p - a +4 ring of protection (right claw)
 y - a ring of wizardry
Talismans
 c - a beast talisman
 d - a flux talisman
Wands
 f - a wand of flame (26)
 w - a wand of mindburst (4)
Scrolls
 a - 2 scrolls of fog {unknown}
 j - a scroll of fear {unknown}
 k - a scroll of poison {unknown}
 l - a scroll of noise {unknown}
 n - a scroll of torment {unknown}
 t - 2 scrolls of enchant armour {unknown}
 E - a scroll of teleportation {unknown}
 F - a scroll of silence {unknown}
 J - a scroll of amnesia {unknown}
 K - a scroll of vulnerability {unknown}
Potions
 o - 3 potions of curing
 r - a potion of attraction
 u - 2 potions of mutation
 x - a potion of invisibility
 z - a potion of magic {unknown}
 A - 3 potions of heal wounds
 B - a potion of might {unknown}
 H - a potion of haste {unknown}


   Skills:
 + Level 3.9 Fighting
 + Level 4.1 Throwing
 + Level 4.1 Dodging
 + Level 2.6 Shields
 + Level 5.5 Unarmed Combat
 * Level 6.8 Shapeshifting


You had 6 spell levels left.
You knew the following spells:

 Your Spells              Type           Power      Damage    Failure   Level
a - Blink                 Tloc           0%         N/A       83%         2

Your spell library contained the following spells:

 Spells                   Type           Power      Damage    Failure   Level
 Magic Dart               Conj           0%         1d3       69%         1
 Call Imp                 Summ           0%         N/A       83%         2
 Stone Arrow              Conj/Erth      0%         3d7       96%         3
 Volatile Blastmotes      Fire/Tloc      0%         2d10      96%         3
 Animate Armour           Summ/Erth      0%         N/A       100%        4
 Fulminant Prism          Conj/Alch      0%         3d5       100%        4
 Iskenderun's Mystic Bla  Conj/Tloc      0%         2d3       100%        4
 Lehudib's Crystal Spear  Conj/Erth      0%         10d2      100%        8


Dungeon Overview and Level Annotations

Branches:
Dungeon (5/15)              Sewer (visited)
 Temple: D:4-7

Altars:
Dithmenos
Gozag
Wu Jian


Innate Abilities, Weirdness & Mutations

You are a hulking beast.
Your limbs bulge with bestial killing power. (Slay +3)
You are too large for most types of armour.
You have claws for hands.
Your natural rate of healing is unusually fast.
You are covered in fur. (AC +1)
You have tough skin. (AC +1)


Message History

Your Shields skill increases to level 2!
You have reached level 9!
Your experience leads to an increase in your attributes!
Increase (S)trength, (I)ntelligence, or (D)exterity?
You feel stronger. x3
You feel a strong urge to attack something.
You barely miss the shadow imp. You block the shadow imp's attack.
You claw the shadow imp!
The shadow imp is severely wounded.
You claw the shadow imp!
You kill the shadow imp!
You claw the orc warrior!
The orc warrior is moderately wounded.
You block the orc warrior's attack.
You claw the orc warrior!
The orc warrior is almost dead.
You claw the orc warrior!
You kill the orc warrior!
You claw the jackal!
You kill the jackal!
You are no longer berserk.
You are exhausted.
You feel yourself slow down. The troll bites you.
* * * LOW HITPOINT WARNING * * *
The troll claws you!
* * * LOW HITPOINT WARNING * * *
The troll closely misses you.
Items here: ))) [ †.
You scratch the troll.
The troll is lightly wounded.
You block the troll's attack. The troll claws you.
* * * LOW HITPOINT WARNING * * *
The troll claws you but does no damage. You block the troll's attack. x2
The troll barely misses you.
You claw the troll!
The troll is lightly wounded.
The troll bites you.
* * * LOW HITPOINT WARNING * * *
The troll claws you!
You die...

....... +##+# ...#............
..... #...#............ # ##.h...
+................# #
........######................###
...............##.............#..
........$......##...............#
......##.......##..............##
...............Th..............##
....#...........###.....#........
....+ .........T.......#........
....# .#######.####....#........
....+ ...........5....#........
....# #.##...####...........###
..=.. .O#.#..####...........#
!....# ..##....##...........# ##
..#.5T...........###


You could see a troll.

Vanquished Creatures
  A two-headed ogre (D:5)
  Grinder (Sewer)
  Sigmund (D:2)
  An orc warrior (D:5)
  2 ogres (D:4)
  2 phantoms
  2 kobold brigands (Sewer)
  A gnoll sergeant (D:4)
  3 hounds
  An orc priest (D:5)
  2 bombardier beetles
  A jelly (D:3)
  A sleepcap (D:5)
  2 iguanas
  An orc wizard (D:3)
  7 gnolls
  6 adders
  2 shadow imps
  3 ufetubi (Sewer)
  A dart slug (D:3)
  3 ribbon worms
  12 orcs
  16 ball pythons
  10 endoplasms
  7 giant cockroaches
  7 goblins
  5 hobgoblins
  10 jackals
  19 kobolds
  5 quokkas
  6 bats
  4 frilled lizards
  A giant cockroach zombie (Sewer)
  7 rats
153 creatures vanquished.

Notes
Turn   | Place    | Note
-------+----------+-------------------------------------------
     0 | D:1      | KittyFluff the Troll Shapeshifter began the quest for the
                  | Orb.
     0 | D:1      | Reached XP level 1. HP: 18/18 MP: 0/0
   359 | D:1      | Reached skill level 1 in Fighting
   359 | D:1      | Reached XP level 2. HP: 26/27 MP: 1/1
   732 | D:2      | Identified the +1 chain mail of Agruheng {rC+ Dex+3}
   940 | D:2      | Reached XP level 3. HP: 33/33 MP: 2/2
  1051 | D:2      | Reached skill level 1 in Throwing
  1221 | D:2      | Noticed Sigmund
  1240 | D:2      | Killed Sigmund
  1241 | D:2      | Reached skill level 4 in Shapeshifting
  1241 | D:2      | Reached XP level 4. HP: 27/42 MP: 3/3
  1241 | D:2      | Reached XP level 5. HP: 31/49 MP: 4/4
  1483 | D:3      | Found a glowing drain.
  1504 | D:3      | Learned a level 2 spell: Blink
  1511 | Sewer    | Entered a sewer
  1654 | Sewer    | Reached XP level 6. HP: 21/57 MP: 5/5
  1764 | Sewer    | Found an ancient bone altar of Kikubaaqudgha.
  1862 | Sewer    | Noticed Grinder
  1876 | Sewer    | Killed Grinder
  1877 | Sewer    | Reached skill level 5 in Shapeshifting
  1877 | Sewer    | Reached XP level 7. HP: 61/66 MP: 6/6
  2671 | D:4      | Reached skill level 1 in Shields
  2836 | D:4      | Reached XP level 8. HP: 75/75 MP: 7/7
  3592 | D:5      | Entered Level 5 of the Dungeon
  3721 | D:5      | Reached skill level 6 in Shapeshifting
  3800 | D:5      | Found an opulent altar of Gozag.
  3801 | D:5      | Found an ornate altar of the Wu Jian Council.
  3858 | D:5      | Reached skill level 5 in Unarmed Combat
  3961 | D:5      | Found a shadowy altar of Dithmenos.
  4099 | D:5      | Noticed a two-headed ogre
  4100 | D:5      | Noticed a troll
  4123 | D:5      | Killed a two-headed ogre
  4124 | D:5      | Reached XP level 9. HP: 25/84 MP: 8/8
  4135 | D:5      | Slain by a troll

Illustrated notes

Levels and vault maps discovered:
D:1:      nicolae_arrival_memento_mori, layout_loops_cross
D:2:      layout_basic, uniq_sigmund
D:3:      layout_loops_ring, cheibrodos_sewer_entry_drain, corexii_corridor_pit
D:4:      layout_basic, uniq_grinder
D:5:      layout_basic, mainiacjoe_overflow_swirl, lemuel_crystal_altar,
          gammafunk_temple_overflow_pools, minmay_manual_mess

Skill      XL: |  1  2  3  4  5  6  7  8 |
---------------+-------------------------+-----
Fighting       | 1 2 3 |  3.9
Throwing       | 1 2 3 4 |  4.1
Dodging        | 2 3 4 |  4.1
Shapeshifting  | 4 5 6 |  6.8
Unarmed Combat | 4 5 |  5.5
Shields        | 1 2 |  2.6

Action                     |  1- 3 |  4- 6 |  7- 9 || total
---------------------------+-------+-------+-------++-------
  Melee: Unarmed           |    78 |    97 |   187 ||   362
         Punch             |     1 |     1 |       ||     2
  Throw: Stone             |     1 |     1 |       ||     2
    Use: Potion            |     1 |     1 |     1 ||     3
         Scroll            |       |       |     6 ||     6
   Stab: Sleeping          |     1 |       |       ||     1
 Armour: Robe              |    43 |    52 |   110 ||   205
         Skin              |       |     8 |       ||     8
  Dodge: Dodged            |    31 |    38 |    54 ||   123
  Block: Kite shield       |       |       |    47 ||    47
